 Dungeon Crawl Stone Soup version 0.21-a0-143-g1ab7d47 (webtiles) character file.

3573 Gorglomux the Cleaver (level 10, 0/90 (91) HPs)
             Began as a Hill Orc Summoner on July 25, 2017.
             Was an Elder of Okawaru.
             Slain by a troll (10 damage)
             ... on level 7 of the Dungeon.
             The game lasted 00:21:50 (9453 turns).

Gorglomux the Cleaver (Hill Orc Summoner)           Turns: 9453, Time: 00:21:50

HP:   0/90 (91)     AC: 13    Str: 15    XL:     10   Next: 9%
MP:   21/21         EV:  6    Int: 15    God:    Okawaru [****..]
Gold: 342           SH:  5    Dex: 11    Spells: 8/12 levels left

rFire    . . .     SeeInvis .   b - +0 whip (elec)
rCold    . . .     Gourm    .   e - +0 buckler
rNeg     . . .     Faith    +   W - +0 chain mail
rPois    +         Spirit   .   (no helmet)
rElec    .         Reflect  .   (no cloak)
rCorr    .         Harm     .   s - +2 pair of gloves
MR       .....                  Z - +1 pair of boots
Stlth    ..........             k - amulet of faith
HPRegen  0.25/turn              n - ring of magical power
MPRegen  0.17/turn              o - ring of poison resistance

@: about to teleport
A: no striking features
a: Heroism, Renounce Religion


You were on level 7 of the Dungeon.
You worshipped Okawaru.
Okawaru was greatly pleased with you.
You were hungry.

You visited 2 branches of the dungeon, and saw 8 of its levels.
You also visited: Sewer.

You collected 342 gold pieces.

Inventory:

Hand Weapons
 a - a +3 war axe
 b - a +0 whip of electrocution (weapon)
Armour
 e - a +0 buckler (worn)
 s - a +2 pair of gloves (worn)
 W - a +0 chain mail (worn)
 Z - a +1 pair of boots (worn)
Jewellery
 k - an amulet of faith (around neck)
 n - a ring of magical power (left hand)
 o - a ring of poison resistance (right hand)
Wands
 C - a wand of confusion (16/48)
 O - a wand of clouds (2/9)
Scrolls
 h - a scroll of random uselessness {unknown}
 t - 2 scrolls of magic mapping {unknown}
 w - 2 scrolls of remove curse
 J - a scroll of recharging {unknown}
 S - a scroll of enchant weapon {unknown}
 T - a scroll of teleportation
 X - a scroll of immolation {unknown}
 Y - a scroll of fear {unknown}
Potions
 K - a potion of resistance
 L - 2 potions of degeneration
 Q - 2 potions of flight
 U - a potion of berserk rage
 V - a potion of haste
Comestibles
 c - 9 bread rations
 z - 3 meat rations
 M - 4 fruits
 P - 3 royal jellies


   Skills:
 + Level 9.5 Fighting
 + Level 12.7 Axes
 - Level 1.5 Dodging
 - Level 1.5 Stealth
 - Level 6.0 Shields
 - Level 1.5 Spellcasting
 - Level 4.0 Summonings


You had 8 spell levels left.
You knew the following spells:

 Your Spells              Type           Power        Failure   Level  Hunger
a - Summon Small Mammal   Summ           ##..         75%         1    ##.....
b - Call Canine Familiar  Summ           ##......     98%         3    ####...


Dungeon Overview and Level Annotations

Branches:
Dungeon (7/15)             Temple (1/1) D:7

Altars:
Elyvilon
Fedhas
Hepliaklqana
Kikubaaqudgha
Makhleb
Nemelex Xobeh
Okawaru
Qazlal
Ru
Sif Muna
Trog
Xom
Yredelemnul
Zin
The Shining One

Shops:
D:5 (

Annotations:
D:4 Duvessa


Message History

The troll appears confused!
This wand butts 16 charges butt!
The troll bites you but does no damage! The troll claws you but does no damage!
You block the troll's attack!
As you read the scroll of teleportation, it crumbles to dust!
You feel strangely butt!
You catch the helpless troll completely off-guard!!!
You punish the troll, causing immense pain!
Lightning courses through the troll!!!
The troll is moderately wounded!
The troll barely misses you! The troll claws you! * * * don't die
* * * The troll claws you but does no damage!
You punish the troll but do no damage!
Lightning courses through the troll!!!
The troll is heavily wounded!
Unknown command!
Butt punish the troll, causing immense pain!
The troll is severely wounded!
Unknown command!
The troll bites you!!! rip

#... # #...
..##... .....
... ###+#####
##.....T.#
#...###..#
##..##@##.#
#####...#:#T#.#
#.......###.#..
..####.....##.##
. ##...##..# #.
. ##### ..# #.#.
## ..# #.# #.#


You could see a troll (confused).

Vanquished Creatures
  An orc knight (D:7)
  A shadow (D:7)
  An ice beast (D:6)
  4 orc warriors
  A sky beast (D:6)
  2 necrophages
  2 phantoms (D:6)
  A crocodile (Sewer)
  4 bullfrogs (D:6)
  Dowan (D:4)
  6 killer bees
  2 howler monkeys
  2 crimson imps
  4 hounds
  A centaur skeleton (D:5)
  2 orc priests
  A bullfrog skeleton (D:7)
  An iguana (D:5)
  10 orc wizards
  Natasha (twice) (D:3)
  5 worker ants
  2 hound zombies
  A hound skeleton (D:5)
  11 gnolls
  11 adders
  2 shadow imps
  3 oozes
  8 worms
  A dart slug (D:2)
  3 leopard geckos
  35 orcs
  A ball python (D:3)
  13 bats
  4 giant cockroaches
  15 goblins
  15 hobgoblins
  4 jackals
  17 kobolds
  6 frilled lizards
  11 rats
217 creatures vanquished.

Vanquished Creatures (collateral kills)
  Grinder (D:4)
  An ogre (D:4)
  An adder (D:2)
  A goblin (D:1)
  2 jackals (D:2)
  3 kobolds
  A ball python (D:1)
  2 frilled lizards (D:1)
12 creatures vanquished.

Grand Total: 229 creatures vanquished

Notes
Turn   | Place    | Note
-------+----------+-------------------------------------------
     0 | D:1      | Gorglomux the Hill Orc Summoner began the quest for the Orb.
     0 | D:1      | Reached XP level 1. HP: 14/14 MP: 3/3
   299 | D:1      | Reached skill level 1 in Axes
   427 | D:1      | Reached skill level 1 in Fighting
   427 | D:1      | Reached XP level 2. HP: 11/23 MP: 0/4
   668 | D:1      | Reached skill level 2 in Axes
  1285 | D:2      | Reached XP level 3. HP: 24/28 MP: 5/5
  1314 | D:2      | Reached skill level 3 in Axes
  2055 | D:2      | Reached XP level 4. HP: 26/37 MP: 6/6
  2428 | D:2      | Reached skill level 4 in Axes
  3193 | D:3      | Found a glowing golden altar of the Shining One.
  3200 | D:3      | Reached skill level 3 in Fighting
  3717 | D:3      | Noticed Natasha
  3720 | D:3      | Reached XP level 5. HP: 45/45 MP: 7/7
  3730 | D:3      | Killed Natasha
  3945 | D:3      | Reached skill level 5 in Axes
  4256 | D:3      | Noticed Natasha
  4267 | D:3      | Killed Natasha
  4267 | D:3      | Reached XP level 6. HP: 33/52 MP: 8/8
  4832 | D:4      | Learned a level 3 spell: Call Canine Familiar
  4842 | D:4      | Reached skill level 6 in Axes
  4842 | D:4      | Reached skill level 1 in Shields
  4873 | D:4      | Noticed Duvessa
  4943 | D:4      | Noticed Dowan
  5064 | D:4      | Killed Dowan
  5086 | D:5      | Entered Level 5 of the Dungeon
  5241 | D:4      | Noticed Grinder
  5254 | D:4      | Killed Grinder
  5254 | D:4      | Reached skill level 7 in Axes
  5254 | D:4      | Reached skill level 3 in Shields
  5254 | D:4      | Reached XP level 7. HP: 43/60 MP: 9/9
  5459 | D:5      | Found a glowing silver altar of Zin.
  5486 | D:5      | Found Qugolegu's Weapon Boutique.
  5553 | D:5      | Got a fine graven amulet
  5555 | D:5      | Identified the amulet of Pedim {RegenMP rF+ Str+4} (You found it on level 5 of the Dungeon)
  5683 | D:5      | Found a glowing drain.
  5703 | Sewer    | Entered a sewer
  5751 | Sewer    | Reached skill level 8 in Axes
  6024 | D:5      | You fall through a shaft for 2 floors!
  6034 | D:7      | Reached XP level 8. HP: 61/67 MP: 10/10
  6125 | D:7      | Noticed a shadow
  6358 | D:7      | Found a staircase to the Ecumenical Temple.
  6366 | Temple   | Entered the Ecumenical Temple
  6450 | Temple   | Became a worshipper of Warmaster Okawaru
  6511 | D:7      | Found an iron altar of Okawaru.
  6607 | D:6      | Reached skill level 9 in Axes
  6626 | D:6      | Reached * piety under Okawaru
  6836 | D:6      | Reached skill level 6 in Shields
  6980 | D:6      | Reached skill level 10 in Axes
  6998 | D:6      | Reached ** piety under Okawaru
  7333 | D:6      | Reached skill level 6 in Fighting
  7333 | D:6      | Reached XP level 9. HP: 64/74 MP: 11/11
  8397 | D:6      | Reached skill level 11 in Axes
  8713 | D:6      | Reached *** piety under Okawaru
  9218 | D:7      | Reached skill level 12 in Axes
  9256 | D:7      | Noticed an orc knight
  9286 | D:7      | Killed an orc knight
  9286 | D:7      | Reached skill level 9 in Fighting
  9286 | D:7      | Reached XP level 10. HP: 18/90 MP: 12/12
  9334 | D:7      | HP: 4/135 [orc warrior/battleaxe[an orc knight] (17)]
  9367 | D:7      | Reached **** piety under Okawaru
  9453 | D:7      | Slain by a troll

Vault maps used:
D:1:      dpeg_arrival_rooms_a
D:3:      serial_corexii_hall, corexii_hall_statues_i, corexii_hall_statues_u,
          corexii_hall_statues_l, corexii_hall_statues_t,
          corexii_hall_statues_u, corexii_hall_statues_x,
          nicolae_tso_carved_into_rock, uniq_natasha
D:4:      uniq_grinder, uniq_duvessa
D:5:      lemuel_coloured_pillars_altar, cheibrodos_sewer_entry_bend,
          serial_shops, shop, first_bread
D:6:      corexii_shantytown
D:7:      minmay_the_grid_plus_closed, minmay_temple_entry_statues_pillars,
          okawaru_ov_weapons_minmay
Temple:   minmay_crystal_snake_temple
Sewer:    sewer_big_baddie

Skill      XL: |  1  2  3  4  5  6  7  8  9 |
---------------+----------------------------+-----
Axes           | 1 2 3 4 5 7 8 10 12 | 12.7
Fighting       | 1 2 3 4 6 9 |  9.5
Shields        | 3 4 6 |  6.0
Dodging        | |  1.5
Stealth        | |  1.5
Spellcasting   | |  1.5
Summonings     | |  4.0

Action                   |  1- 3 |  4- 6 |  7- 9 | 10-12 || total
-------------------------+-------+-------+-------+-------++-------
Melee: Hand axe          |   120 |   100 |       |       ||   220
       Whip              |       |    90 |   132 |     9 ||   231
       War axe           |       |    31 |   305 |    17 ||   353
 Cast: Summon Small Mamm |    23 |    19 |       |       ||    42
       Call Canine Famil |       |     4 |       |       ||     4
Invok: Heroism           |       |       |     7 |       ||     7
Evoke: Wand              |       |       |     7 |     6 ||    13
  Use: Potion            |       |     3 |       |     4 ||     7
       Scroll            |       |     1 |    10 |     2 ||    13
 Stab: Sleeping          |     3 |     3 |     3 |       ||     9
       Confused          |       |       |     3 |     2 ||     5
       Distracted        |       |       |     1 |       ||     1
  Eat: Chunk             |     4 |    11 |    14 |       ||    29
Armor: Robe              |    37 |    44 |    77 |       ||   158
       Chain mail        |       |       |     7 |    12 ||    19
       Skin              |       |       |       |    14 ||    14
Dodge: Dodged            |    89 |   111 |   235 |     9 ||   444
Block: Buckler           |    17 |    23 |    80 |     5 ||   125
